Broccoli, chaotic male elven Priest ------ |..h... |@.G... ------ Broccoli the Acolyte Experience level: 4 Strength: 10 Dexterity: 10 Constitution: 15 Intelligence: 9 Wisdom: 20 Charisma: 12 Health: 11(35) Energy: 41(41) Def: 4 Gold: 167 Moves: 2065 Dungeon seed: 5REnft_8EwOIGlqz Game ID: Broccoli_1614819979 Your Inventory: Coins $ - 167 gold pieces Weapons a - a blessed +1 mace (weapon in hand) Armor e - a +0 robe (being worn) n - a +0 small shield (being worn) q - a +0 helm of brilliance v - a +0 orcish helm y - a +0 orcish helm z - a +0 elven leather helm (being worn) Comestibles c - a clove of garlic d - a sprig of wolfsbane i - 2 candy bars u - 2 carrots Scrolls k - a cursed scroll of enchant weapon Spellbooks f - a blessed spellbook of healing g - a spellbook of extra healing Potions b - 4 potions of holy water o - a potion of paralysis Rings m - a ring of free action (on left hand) Tools h - a bell w - 2 wax candles (0:400) x - a partly used wax candle (lit) (0:392) Gems r - a garnet stone N - 11 rocks Y - 2 worthless pieces of blue glass Spells and supernatural/magical abilities: Name Level Category Fail Memory h - healing 1 healing 0% 90% x - extra healing 3 healing 50% 90% W - pray for help -- divine ? -- X - turn undead -- divine ? -- Your skills at the end: Fighting Skills Weapon Skills mace [Basic] Spellcasting Skills clerical spells [Basic] Final Attributes: You were piously aligned. You were sleep resistant. You had infravision. You had free action. You survived. Vanquished creatures: a shrieker a kitten a coyote a hobgoblin a giant rat 2 green molds a gnome 3 geckos 4 jackals 2 foxes 2 kobolds 3 sewer rats 6 grid bugs 2 bats a lichen a kobold zombie 4 newts 36 creatures vanquished. Voluntary challenges: You were an atheist. You used a wielded weapon 36 times, starting on turn 144. You were illiterate. You never genocided any monsters. You never polymorphed an object. You never changed form. You used no wishes. You never split a pudding. You never wrote Elbereth's name. You never violated your personal moral code. Dungeon overview: The Dungeons of Doom: levels 1 to 4 Level 1 some fountains a long staircase Level 2 a fountain stairs to The Gnomish Mines Level 3 some fountains Level 4 a fountain The Gnomish Mines: Level 3 <- You were here stairs to The Dungeons of Doom History has recorded: On T:1 you entered the Dungeons of Doom to retrieve the Amulet of Yendor! On T:362 you advanced to experience level 2. On T:414 you reached level 2 of The Dungeons of Doom. On T:750 you reached level 3 of The Dungeons of Doom. On T:959 you reached level 4 of The Dungeons of Doom. On T:963 you advanced to experience level 3. On T:1605 you advanced to experience level 4. On T:2052 you reached level 1 of The Gnomish Mines. Score breakdown: Gold: 167 ( 7569 points) Experience: 4 levels ( 9649 points) Exploration: 4 levels ( 8.33%) ( 7579 points) Discoveries: 1 item ( 0.35%) ( 1770 points) Valuables value: (no points given unless you survive) Artifact value: 0 ( 0 points) Variety of kills: 17 monsters ( 4.46%) ( 6336 points) Turncount: 2065 turns ( -48 points) Survival: quit (score multiplied by 90%) Total score: 29569 Latest messages: You can't go down here. Qwerty drops a war hammer. You displace Qwerty. You hear water falling on coins. Sorry, I don't know how to use that. The door resists! The door opens. You see here a chest. You hear some noises. The gnome is killed! You see here 3 candles. The dwarf lord wields a dagger! w - 3 candles. Your candle's flame burns brightly! The dwarf lord thrusts his dagger. The dwarf lord hits! The dwarf lord thrusts his dagger. The dwarf lord hits! You miss the dwarf lord. (2x) The dwarf lord thrusts his dagger. The dwarf lord hits! The dwarf lord thrusts his dagger. The dwarf lord hits! Qwerty is killed! Final status: Goodbye Broccoli the Priest, quit... You quit in The Gnomish Mines on dungeon level 3 with 29569 points, and 167 pieces of gold, after 2065 moves. You were level 4 with a maximum of 35 hit points when you quit.